AoeStats
← bucci71

Hideout

509947348Analyzed
1v1 RM · 2d ago on Sep 28, 2026· 42m 0s· 2 players
Game mode
Random Map
Map size
Tiny (2 player)
Population
200
Speed
Normal
Resources
Standard
Victory
Conquest
Starting age
Dark Age
Ending age
Imperial Age
RankedLock teamsTeams togetherTeam positionsShared explorationLock speedFull tech treeHidden civsTurbo modeCheats
Victory
Defeat
🇺🇸 Khmer · United States
1051
+17
🇮🇹 Poles · Italy
1062
-17
J Cream
10:08 Feudal Age
10:16 Feudal Age
13:05 Castle Age
11:29 Double-Bit Axe
12:48 Loom
13:16 Loom
14:19 Bow Saw
20:18 Wheelbarrow
19:27 Horse Collar
20:18 Heavy Plow
21:41 Stone Mining
22:51 Hand Cart
28:08 Imperial Age
26:14 Gold Mining
27:01 Scale Barding Armor
28:06 Gold Shaft Mining
27:35 Husbandry
28:19 Bloodlines
29:05 Chain Barding Armor
28:58 Elite Ballista Elephant
30:01 Ballistics
30:08 Double Crossbow
31:02 Plate Barding Armor
31:15 Siege Engineers
32:08 Fortified Wall
32:45 Conscription
35:10 Stone Shaft Mining
39:04 Chemistry
38:22 Masonry
39:36 Crop Rotation
bucci71
0:38 Loom
11:48 Feudal Age
12:35 Double-Bit Axe
13:56 Wheelbarrow
13:34 Horse Collar
14:29 Gold Mining
15:38 Stone Mining
21:21 Castle Age
19:53 Forging
20:06 Scale Mail Armor
20:09 Town Watch
22:25 Hand Cart
23:19 Bow Saw
23:41 Heavy Plow
26:59 Town Patrol
28:09 Stone Shaft Mining
33:40 Imperial Age
32:14 Chain Mail Armor
34:00 Fortified Wall
37:29 Crop Rotation
38:28 Chemistry
38:40 Plate Mail Armor
38:45 Onager
Connection lost

Rejoining the realm…

Still unreachable

The connection could not be restored.

Session expired

The server has moved on; the page needs a fresh start.